Map: Neon Violet Square LE

Players

IlIlIlIlI - Winner!

  • Race: Terran Terran
  • League: Master
  • Spawn Location: 5:00

Seneca

  • Race: Protoss Protoss
  • League: Master
  • Spawn Location: 11:00

VOD

Have the link to the VOD?

Description

ImShurikN mech TvP style

Time

  • Played on: Dec. 5, 2017, 2:14 p.m.
  • Length: 18:33
Show
View Real Time Build Order
Export as new Build Order

IlIlIlIlI Terran - Winner!

Build Orders: Cyclone Opening, Mech 

Get SALT Encoding   

  12  0:00  SCV  
  13  0:13  SCV  
  14  0:19  Supply Depot  
  14  0:25  SCV  
  15  0:30  Refinery  
  15  0:40  SCV  
  16  0:46  Barracks  
  16  0:52  SCV  
  17  1:04  SCV  
  17  1:07  Refinery  
  18  1:17  SCV  
  19  1:29  SCV  
  20  1:34  Factory  
  20  1:46  Barracks Reactor  
  20  1:50  Orbital Command  
  20  1:52  Supply Depot  
  20  2:17  SCV  
  25  2:47  Command Center  
  25  2:51  Cyclone x2  
  27  3:11  Supply Depot  
  27  3:17  Command Center  
  27  3:28  SCV  
  27  3:31  Cyclone  
  31  3:38  Cyclone  
  34  3:47  SCV  
  35  4:03  Cyclone  
  38  4:11  Cyclone  
  38  4:16  SCV, Orbital Command  
  42  4:20  Refinery  
  42  4:22  Refinery  
  42  4:29  SCV  
  43  4:32  Starport  
  43  4:35  Orbital Command  
  43  4:44  SCV x2  
  45  4:48  Barracks Tech Lab  
  45  4:56  SCV x2  
  47  5:04  Factory  
  47  5:07  Factory  
  47  5:13  SCV x3  
  50  5:25  SCV x3  
  53  5:28  Raven  
  55  5:37  SCV x3  
  55  5:42  Hellion x2  
  62  5:49  Factory Tech Lab, SCV x3  
  65  5:50  Factory Tech Lab  
  65  5:54  Supply Depot  
  65  5:55  Supply Depot  
  65  5:59  Supply Depot  
  65  6:09  Siege Tank  
  68  6:12  SCV  
  68  6:15  SCV x2, Siege Tank  
  68  6:17  Hellion  
  76  6:19  Hellion  
  78  6:26  SCV  
  78  6:28  SCV x2  
  81  6:33  Armory  
  81  6:37  Supply Depot x2  
  81  6:40  Supply Depot  
  81  6:41  SCV  
  81  6:43  SCV  
  81  6:44  SCV  
  84  6:51  Siege Tank  
  87  6:54  Siege Tank  
  87  7:00  Hellion x2  
  92  7:14  Raven  
  94  7:21  Hellion x2  
  98  7:33  Siege Tank  
  98  7:34  Hellion  
  98  7:35  SCV x3  
  106  7:42  Hellion  
  106  7:43  Hellion  
  110  7:46  Factory  
  110  7:47  SCV  
  110  7:48  Factory  
  111  7:55  Hellion  
  113  8:04  Hellion  
  115  8:11  Command Center  
  115  8:16  Hellion  
  115  8:19  Supply Depot  
  117  8:20  Terran Vehicle Weapons Level 1, Supply Depot  
  117  8:21  Supply Depot  
  117  8:22  Supply Depot  
  122  8:41  Hellion, Siege Tank  
  122  8:46  SCV  
  122  8:47  SCV x2  
  125  8:51  Raven, Refinery x2  
  125  8:52  Factory Tech Lab, Factory Reactor  
  127  8:56  Starport  
  127  8:58  SCV  
  127  8:59  Engineering Bay  
  74  9:18  Thor x2  
  74  9:19  Hellion x2  
  87  9:27  Refinery  
  87  9:32  Hellion x3, Refinery  
  93  9:41  Hellion  
  95  9:47  Cyclone  
  96  9:53  Hellion x2, Cyclone  
  100  10:01  Thor x2  
  100  10:04  Hellion  
  114  10:14  Terran Vehicle And Ship Armor Level 1  
  114  10:15  Hellion  
  116  10:24  Banshee  
  116  10:28  Starport Tech Lab  
  119  10:31  Cyclone x2  
  119  10:32  Hellion  
  119  10:33  Hellion  
  129  10:52  Raven  
  110  11:07  Raven  
  110  11:11  Siege Tank x2, Cyclone  
  112  11:12  Hellion x3  
  112  11:15  SCV  
  112  11:16  SCV  
  121  11:32  Hyperflight Rotors  
  118  11:38  Hellion x3  
  118  11:39  Cyclone  
  105  12:21  Siege Tank x2  
  105  12:22  Hellion, Cyclone x2  
  121  12:23  Hellion x2, Raven  
  121  12:24  Raven  
  123  12:34  Planetary Fortress  
  123  12:37  SCV x3  
  125  12:38  Refinery x2  
  130  12:44  Hellion x2  
  130  12:49  SCV  
  130  12:50  Siege Tank  
  134  12:53  Siege Tank  
  134  12:54  Hellion x3  
  143  12:58  Terran Vehicle Weapons Level 2  
  143  13:03  SCV x3  
  143  13:05  Hellion  
  148  13:14  Command Center  
  148  13:40  Hellion x2  
  148  13:41  Hellion x5, Raven x2  
  150  14:01  Cyclone  
  150  14:02  Cyclone  
  124  14:17  Refinery x2  
  118  14:28  Hellion x3, Raven  
  118  14:29  Hellion x2, Raven  
  120  14:34  Hellion  
  120  14:38  Hellion  
  112  14:49  Infernal Pre-Igniter, Hellion, Thor x2  
  112  14:50  Hellion x2  
  130  14:53  Smart Servos  
  130  14:59  Planetary Fortress  
  130  15:01  SCV  
  130  15:02  SCV x3  
  130  15:03  Missile Turret  
  134  15:11  Thor  
  134  15:13  SCV, Cyclone x4  
  153  15:25  Command Center  
  153  15:32  Thor  
  143  15:59  Cyclone x4  
  143  16:00  Cyclone x2  
  159  16:15  Cyclone  
  162  16:24  Raven  
  162  16:25  Raven  
  166  16:27  SCV x4  
  166  16:31  Cyclone, Thor  
  179  16:37  Thor  
  181  16:57  Thor  
  181  16:58  Hellion x3  
  186  17:03  Hellion  
  175  17:14  Thor  
  167  17:20  Hellion  
  151  17:34  Thor  
  151  17:36  Hellion x3, Raven x2  
  166  17:40  Thor  
  166  17:41  Hellion  
  170  17:57  Hellion  
Show
View Real Time Build Order
Export as new Build Order

Seneca Protoss 

Build Orders: 1 Gate Expand 

Get SALT Encoding   

  12  0:00  Probe  
  13  0:12  Probe  
  14  0:21  Pylon  
  14  0:24  Probe  
  15  0:39  Probe (Chrono Boost)  
  15  0:40  Gateway  
  16  0:49  Probe (Chrono Boost)  
  17  0:53  Assimilator, Probe (Chrono Boost)  
  18  1:05  Probe (Chrono Boost)  
  20  1:13  Probe (Chrono Boost)  
  20  1:26  Nexus  
  20  1:38  Cybernetics Core  
  20  1:39  Probe  
  21  1:48  Assimilator  
  21  1:51  Probe  
  22  2:02  Pylon  
  22  2:03  Probe  
  23  2:18  Warp Gate  
  23  2:20  Stalker (Chrono Boost), Probe  
  26  2:25  Pylon  
  26  2:33  Robotics Facility  
  26  2:44  Probe  
  27  2:46  Stalker  
  27  2:50  Probe  
  30  2:56  Probe  
  31  2:59  Gateway  
  31  3:02  Probe (Chrono Boost)  
  32  3:08  Gateway  
  34  3:20  Probe (Chrono Boost)  
  34  3:21  Stalker, Probe (Chrono Boost)  
  34  3:22  Observer (Chrono Boost)  
  34  3:26  Probe  
  37  3:32  Probe  
  38  3:39  Probe  
  39  3:44  Shield Battery  
  39  3:45  Immortal (Chrono Boost)  
  43  3:49  Probe  
  44  3:56  Probe  
  45  4:04  Probe  
  45  4:08  Pylon  
  45  4:09  Twilight Council  
  44  4:10  Probe  
  44  4:16  Probe  
  42  4:22  Probe  
  43  4:25  Shield Battery, Observer  
  43  4:28  Shield Battery  
  43  4:29  Probe  
  43  4:30  Shield Battery  
  45  4:33  Assimilator  
  45  4:35  Assimilator  
  45  4:40  Stalker  
  45  4:44  Stalker  
  49  4:46  Stalker, Observer  
  52  4:55  Probe x2 (Chrono Boost)  
  54  5:01  Pylon  
  54  5:12  Blink  
  54  5:17  Forge  
  54  5:19  Probe x2  
  56  5:26  Stalker x3  
  62  5:31  Pylon  
  62  5:45  Forge  
  62  5:49  Forge, Probe x2  
  64  6:01  Protoss Ground Weapons Level 1 (Chrono Boost), Probe x2  
  66  6:09  Nexus  
  64  6:12  Observer  
  64  6:13  Probe x2  
  64  6:15  Stalker  
  64  6:16  Stalker  
  69  6:26  Pylon  
  69  6:29  Pylon  
  69  6:30  Pylon  
  69  6:31  Probe  
  69  6:32  Pylon  
  70  6:41  Protoss Shields Level 1 (Chrono Boost)  
  70  6:44  Probe (Chrono Boost)  
  71  6:47  Templar Archives  
  71  6:51  Protoss Ground Armor Level 1 (Chrono Boost)  
  73  6:56  Probe (Chrono Boost)  
  73  6:59  Probe (Chrono Boost)  
  73  7:00  Probe (Chrono Boost)  
  75  7:01  Probe  
  75  7:02  Sentry, Zealot x2  
  81  7:10  Probe  
  81  7:13  Charge, Probe  
  83  7:18  Immortal (Chrono Boost)  
  87  7:30  Zealot x2  
  87  7:35  Gateway  
  91  7:40  Sentry  
  91  7:43  Gateway  
  93  7:46  Gateway  
  93  7:47  Immortal (Chrono Boost)  
  97  7:54  Probe x2  
  97  7:57  Sentry, Zealot, Observer  
  103  8:02  Gateway  
  103  8:05  Zealot  
  105  8:10  Probe  
  106  8:15  Gateway  
  105  8:20  Gateway  
  105  8:22  Probe  
  105  8:23  High Templar  
  105  8:24  High Templar  
  110  8:30  Archon  
  104  8:35  High Templar x2  
  105  8:43  Archon  
  105  8:44  Zealot  
  105  8:47  Zealot  
  109  8:55  Gateway x2  
  109  8:58  Pylon  
  109  8:59  Pylon  
  107  9:03  Pylon  
  89  9:11  Zealot x2  
  89  9:16  Zealot x4, Pylon  
  95  9:18  Pylon  
  95  9:21  Immortal (Chrono Boost)  
  99  9:29  Nexus  
  99  9:38  Assimilator  
  99  9:39  High Templar x2  
  99  9:44  High Templar, Archon  
  105  9:47  Assimilator  
  105  9:48  High Templar  
  107  9:54  Archon  
  107  10:10  Observer  
  107  10:20  Protoss Ground Weapons Level 2 (Chrono Boost)  
  107  10:24  Assimilator  
  107  10:36  Nexus  
  107  10:39  Protoss Ground Armor Level 2 (Chrono Boost)  
  107  10:42  Probe (Chrono Boost)  
  110  10:47  Zealot x8  
  126  10:51  Probe x2 (Chrono Boost)  
  126  10:53  Probe x2  
  106  11:08  Immortal  
  94  11:13  Robotics Facility  
  93  11:23  High Templar x3  
  97  11:30  Assimilator  
  95  11:33  High Templar, Assimilator  
  95  11:34  Archon  
  95  11:35  Zealot x5  
  95  11:36  Pylon  
  95  11:37  Protoss Shields Level 2 (Chrono Boost)  
  95  11:39  Archon  
  107  11:46  Probe  
  107  11:47  Probe x2  
  97  12:01  High Templar x2  
  81  12:02  Zealot x5  
  81  12:07  Archon  
  87  12:08  Zealot x2  
  83  12:24  Zealot x4  
  83  12:27  Immortal (Chrono Boost)  
  88  12:33  High Templar x2  
  95  12:45  Zealot x2, Archon  
  95  12:48  Immortal (Chrono Boost)  
  99  12:57  High Templar x2  
  105  13:00  Probe  
  105  13:01  Probe  
  105  13:03  Warp Prism (Chrono Boost)  
  105  13:05  Archon  
  107  13:11  Immortal  
  107  13:21  Zealot x3  
  107  13:23  High Templar x2  
  117  13:27  Archon  
  117  13:29  Immortal (Chrono Boost)  
  113  13:44  Zealot x2  
  113  13:45  Zealot  
  109  13:50  Immortal (Chrono Boost)  
  109  13:51  Zealot  
  103  13:59  Zealot x3  
  101  14:05  High Templar x2  
  101  14:08  Immortal (Chrono Boost)  
  93  14:10  Archon  
  93  14:13  Zealot x3  
  93  14:15  Zealot  
  91  14:23  Zealot x2  
  95  14:29  Zealot  
  88  14:36  Zealot x3  
  94  14:43  Immortal (Chrono Boost)  
  94  14:45  High Templar x2  
  100  14:51  High Templar x2  
  110  15:12  Immortal (Chrono Boost)  
  110  15:13  Stalker  
  112  15:21  Protoss Ground Weapons Level 3 (Chrono Boost)  
  112  15:28  Nexus, High Templar  
  112  15:29  High Templar  
  112  15:32  Psionic Storm  
  114  15:54  Archon  
  100  16:00  Stalker, Immortal  
  98  16:10  Assimilator  
  98  16:17  Zealot x3  
  104  16:24  High Templar x2  
  106  16:28  Pylon  
  102  16:52  Zealot x5  
  102  16:53  Zealot x2  
  107  17:00  Archon  
  107  17:01  Archon  
  95  17:02  Zealot x2  
  91  17:14  Zealot x2  
  76  17:17  Zealot  
  76  17:23  Zealot  
  76  17:27  High Templar  
  66  17:30  High Templar  
  66  17:31  High Templar  
  66  17:34  Archon  
  62  17:37  Zealot  
  62  17:41  High Templar  
  57  17:48  Archon  
Tags
 
Add a new tag
Caveats
  • Supply blocks, unpowered buildings, or Contaminate may cause inaccurate times.
  • Supply counts are checked every 10 seconds.